 Dungeon Crawl Stone Soup version 0.21-a0-352-g5b8f553 (webtiles) character file.

506 Hasart the Chiller (level 6, 0/45 HPs)
             Began as a Demigod Wanderer on Oct 11, 2017.
             Slain by a scorpion (8 damage)
             ... on level 5 of the Dungeon.
             The game lasted 00:08:10 (4238 turns).

Hasart the Chiller (Demigod Wanderer)               Turns: 4238, Time: 00:08:11

Health: 0/45       AC:  2    Str: 18    XL:     6   Next: 64%
Magic:  14/14      EV: 11    Int: 26    God:
Gold:   158        SH:  0    Dex: 10    Spells: 2/11 levels left

rFire    . . .     SeeInvis .   w - +8 quarterstaff of Untimely Demise {flame, rN+ Str+2 Int+5 Dex-3}
rCold    . . .     Gourm    .   (shield currently unavailable)
rNeg     + . .     Faith    .   c - +0 robe
rPois    +         Spirit   .   (no helmet)
rElec    .         Reflect  .   (no cloak)
rCorr    .         Harm     .   (no gloves)
MR       .....                  (no boots)
Stlth    +.........             (no amulet)
HPRegen  0.15/turn              q - ring of poison resistance
MPRegen  0.14/turn              (no ring)

@: no status effects
A: high mp 1
a: no special abilities


You were on level 5 of the Dungeon.
You were not hungry.

You visited 1 branch of the dungeon, and saw 5 of its levels.

You collected 158 gold pieces.

Inventory:

Hand Weapons
 s - a +0 falchion
 w - the +8 quarterstaff of Untimely Demise (weapon) {flame, rN+ Str+2 Int+5 Dex-3}
   (You found it on level 4 of the Dungeon)

   It has been specially enchanted to burn those struck by it, causing extra
   injury to most foes and up to half again as much damage against particularly
   susceptible opponents.
   It affects your strength (+2).
   It affects your intelligence (+5).
   It affects your dexterity (-3).
   It protects you from negative energy.
Armour
 c - a +0 robe (worn)
Jewellery
 q - a ring of poison resistance (left hand)
Scrolls
 e - 2 scrolls of teleportation {unknown}
 h - 2 scrolls of enchant armour {unknown}
 i - a scroll of blinking {unknown}
 j - 3 scrolls of immolation {unknown}
 l - a scroll of random uselessness {unknown}
 m - 2 scrolls of enchant weapon {unknown}
 o - 6 scrolls of identify {unknown}
 p - 3 scrolls of remove curse {unknown}
 r - 3 scrolls of amnesia {unknown}
 t - a scroll of magic mapping {unknown}
 v - a scroll of noise {unknown}
Potions
 d - a potion of invisibility {unknown}
 k - 4 potions of curing
 n - a potion of might {unknown}
Books
 a - a book of Frost

   Spells                             Type                      Level
   a - Freeze                         Ice                          1
   b - Throw Frost                    Conjuration/Ice              2
   c - Ozocubu's Armour               Charms/Ice                   3
   d - Throw Icicle                   Conjuration/Ice              4
   e - Summon Ice Beast               Ice/Summoning                4
Comestibles
 f - 6 bread rations
 g - 6 fruits
 u - a meat ration


   Skills:
 - Level 1.6 Long Blades
 + Level 0.7 Staves
 - Level 1.0 Throwing
 - Level 1.0 Stealth
 - Level 2.6 Unarmed Combat
 + Level 3.4 Spellcasting
 + Level 1.4 Conjurations
 + Level 1.4 Summonings
 * Level 4.9 Ice Magic
   Level 1.0 Air Magic


You had 2 spell levels left.
You knew the following spells:

 Your Spells              Type           Power        Failure   Level  Hunger
a - Freeze                Ice            ####         1%          1    None
b - Summon Ice Beast      Ice/Summ       ###.....     24%         4    ####...
c - Throw Icicle          Conj/Ice       ###.....     24%         4    ####...


Dungeon Overview and Level Annotations

Branches:
Dungeon (5/15)
 Temple: D:4-7

Shops:
D:4 (

Annotations:
D:4 Hasart's ghost, amateur CeHu


Innate Abilities, Weirdness & Mutations

You have an increased reservoir of magic. (+10% MP)


Message History

t - Shout!
Orders for allies: a - Attack new target. r - Retreat! s - Stop attacking. g - Guard the area. f - Follow me.
Anything else - Cancel.
Gang up on whom?
Press: ? - help, Dir - move target cursor, f - scorpion
Aim: a scorpion Attack!
A gnoll sergeant comes into view. It is wielding a spear of pain.
The gnoll sergeant shouts!
Your ice beast completely misses the scorpion.
A gnoll comes into view. It is wielding a spear.
The scorpion stings your ice beast but does no damage.
Your ice beast hits the scorpion but does no damage.
You see here a scorpion corpse.
The scorpion stings your ice beast but does no damage.
Your ice beast hits the scorpion.
Your ice beast freezes the scorpion!
The scorpion stings you!
You die...

######
############.<..###
#.....sY.†...g.......
s<..####)@####....#....
# ##†# #.....g### ..#
#.....## ##.# #.....#
#.. #......# ...
#.?..#.# .... #####>.
.##.


You could see a gnoll sergeant, a scorpion and a friendly ice beast.

Vanquished Creatures
  Sigmund (D:3)
  A centaur skeleton (D:5)
  An orc wizard (D:5)
  Natasha (twice) (D:3)
  3 worker ants
  3 adders
  A shadow imp (D:3)
  An adder skeleton (D:4)
  2 worms
  4 dart slugs
  A leopard gecko (D:2)
  9 orcs
  2 ball pythons
  A giant cockroach (D:2)
  6 hobgoblins
  15 jackals
  10 kobolds
  3 quokkas
  3 bats
  2 frilled lizards
  7 goblins
  A leopard gecko skeleton (D:4)
  5 rats
84 creatures vanquished.

Vanquished Creatures (collateral kills)
  A scorpion (D:5)
  An adder (D:5)
2 creatures vanquished.

Grand Total: 86 creatures vanquished

Notes
Turn   | Place    | Note
-------+----------+-------------------------------------------
     0 | D:1      | Hasart the Demigod Wanderer began the quest for the Orb.
     0 | D:1      | Hasart set off with: a book of Frost, a potion of lignification, a +0 robe, a +0 club, a bread ration
     0 | D:1      | Reached XP level 1. HP: 14/14 MP: 5/5
     3 | D:1      | Learned a level 1 spell: Freeze
   146 | D:1      | Reached skill level 2 in Ice Magic
   640 | D:1      | Reached XP level 2. HP: 12/20 MP: 0/7
  1375 | D:2      | Reached XP level 3. HP: 24/26 MP: 3/9
  1602 | D:2      | Reached skill level 3 in Ice Magic
  2259 | D:3      | HP: 1/26 [kobold (2)]
  2517 | D:3      | Noticed Sigmund
  2539 | D:3      | Killed Sigmund
  2539 | D:3      | Reached skill level 1 in Long Blades
  2539 | D:3      | Reached skill level 4 in Ice Magic
  2539 | D:3      | Reached XP level 4. HP: 17/33 MP: 2/11
  2539 | D:3      | Reached XP level 5. HP: 20/38 MP: 2/12
  2560 | D:3      | Learned a level 4 spell: Summon Ice Beast
  2565 | D:3      | Learned a level 4 spell: Throw Icicle
  2744 | D:3      | Found an ornate altar of the Wu Jian Council.
  2748 | D:3      | Found a stormy altar of Qazlal.
  2750 | D:3      | Found a glowing silver altar of Zin.
  2846 | D:3      | Found a snail-covered altar of Cheibriados.
  2908 | D:3      | Found a shadowy altar of Dithmenos.
  3100 | D:3      | Noticed Natasha
  3108 | D:3      | Killed Natasha
  3294 | D:3      | Noticed Natasha
  3300 | D:3      | Killed Natasha
  3553 | D:4      | Noticed Hasart's ghost (amateur CeHu)
  3573 | D:4      | Reached XP level 6. HP: 36/45 MP: 7/13
  3621 | D:4      | Reached skill level 1 in Conjurations
  3621 | D:4      | Reached skill level 1 in Summonings
  3693 | D:4      | Found Xadoenet's Weapon Shoppe.
  4021 | D:4      | Got a bloodstained quarterstaff
  4022 | D:4      | Identified the +8 quarterstaff of Untimely Demise {flame, rN+ Str+2 Int+5 Dex-3} (You found it on level 4 of the Dungeon)
  4158 | D:5      | Entered Level 5 of the Dungeon
  4238 | D:5      | Slain by a scorpion

Vault maps used:
D:1:      dpeg_arrival_tiny_a
D:3:      kennysheep_slug_shrine, nicolae_overflow_hidden_temple,
          nicolae_dithmenos_shadow_blocks, uniq_sigmund, uniq_natasha
D:4:      serial_shops, nicolae_shop_window_shopping
D:5:      nemelex_altar_shiori, doesnt_xom_only_xom, first_bread,
          gup_sewer_entry_bubbles, hangedman_decor_growths,
          minmay_hollow_rounded_squares, uniq_duvessa

Skill      XL: |  1  2  3  4  5  6 |
---------------+-------------------+-----
Ice Magic      | 2 4 |  4.9
Spellcasting   | 2 3 |  3.4
Long Blades    | 1 |  1.6
Conjurations   | 1 |  1.4
Summonings     | 1 |  1.4
Staves         | |  0.7
Throwing       | |  1.0
Stealth        | |  1.0
Unarmed Combat | |  2.6
Air Magic      | |  1.0

Action                   |  1- 3 |  4- 6 || total
-------------------------+-------+-------++-------
Melee: Unarmed           |    34 |       ||    34
       Short sword       |    29 |       ||    29
       Falchion          |    40 |    30 ||    70
       Punch             |       |     1 ||     1
       Quarterstaff      |       |     9 ||     9
 Cast: Freeze            |    53 |    54 ||   107
       Summon Ice Beast  |       |     1 ||     1
  Use: Potion            |     1 |     1 ||     2
 Stab: Sleeping          |     1 |       ||     1
  Eat: Chunk             |     5 |     6 ||    11
Armor: Robe              |    20 |    13 ||    33
       Skin              |    10 |       ||    10
Dodge: Dodged            |    66 |    55 ||   121
       Rpst.: Falchion   |    11 |    11 ||    22

Table legend:
 A = Spawn XP
 B = Non-spawn XP
 C = Spawn XP percentage of total XP
 D = Spawn monster count
 E = Non-spawn monster count
 F = Spawn count percentage of total count
 G = Total turns spent on level
                    A         B        C        D         E        F      G
               +---------+---------+-------+---------+---------+-------+---------
         Total |       0 |     723 |   0.0 |       0 |      86 |   0.0 |  4238
               +---------+---------+-------+---------+---------+-------+---------
           D:1 |       0 |      43 |   0.0 |       0 |      25 |   0.0 |  1323
           D:2 |       0 |      27 |   0.0 |       0 |      12 |   0.0 |   847
           D:3 |       0 |     379 |   0.0 |       0 |      26 |   0.0 |  1336
           D:4 |       0 |      85 |   0.0 |       0 |      17 |   0.0 |   652
           D:5 |       0 |     189 |   0.0 |       0 |       6 |   0.0 |    80
               +---------+---------+-------+---------+---------+-------+---------
